 Dungeon Sprint DCSS version 0.17-a0-1210-g1e4f09d (webtiles) character file.

1104 nuthulu the Grappler (level 8, -4/92 HPs)
             Began as a Troll Berserker on June 3, 2015.
             Was an Elder of Trog.
             Slain by a demonic crawler (7 damage)
             ... in the Dungeon (Sprint I: "Red Sonja").
             The game lasted 00:02:08 (684 turns).

nuthulu the Grappler (Troll Berserker)               Turns: 684, Time: 00:02:08

Health: -4/92      AC:  5    Str: 28      XL:     8   Next: 11%
Magic:  7/7        EV: 12    Int:  3      God:    Trog [****..]
Gold:   405        SH:  0    Dex:  8 (9)  Spells: 0 memorised, 7 levels left

rFire  . . .     SeeInvis .       - Unarmed
rCold  . . .     Clarity  .     a - +0 animal skin
rNeg   . . .     SustAt   .     (no shield)
rPois  .         Gourm    +     (helmet restricted)
rElec  .         Spirit   .     (no cloak)
rCorr  .         Warding  .     (gloves unavailable)
rMut   .         NoTele   +     (boots unavailable)
MR     .....                    (no amulet)
Stlth  +.........               (no ring)
                                (no ring)

@: not resistant to hostile enchantments, very unstealthy
A: unfitting armour, claws 3, fast metabolism 3, gourmand, regeneration 2,
shaggy fur 1, tough skin 2
a: Burn Spellbooks, Berserk, Trog's Hand, Brothers in Arms, Renounce Religion


You were in the Dungeon.
You worshipped Trog.
Trog was greatly pleased with you.
You were not hungry.

You visited 1 branch You collected 405 gold pieces.

Inventory:

Armour
 a - a +0 animal skin (worn)
Scrolls
 h - a scroll of blinking
Potions
 d - a potion of heal wounds
 e - a potion of haste
 f - 2 potions of magic
 g - a potion of berserk rage
Comestibles
 b - a bread ration


   Skills:
 * Level 9.4 Fighting
 * Level 9.0 Dodging
 - Level 1.0 Stealth
 * Level 10.3 Unarmed Combat


You had 7 spell levels left.
You didn't know any spells.

Dungeon Overview and Level Annotations

Branches:
Dungeon (1/1)

Altars:
Cheibriados
Dithmenos
Elyvilon
Fedhas
Gozag
Kikubaaqudgha
Makhleb
Nemelex Xobeh
Okawaru
Qazlal
Ru
Sif Muna
Trog
Vehumet
Xom
Yredelemnul
Zin
The Shining One
Jiyva

Shops:
D =


Innate Abilities, Weirdness & Mutations

You are too large for most types of armour.
You have claws for hands.
Your metabolism is lightning-fast.
You like to eat raw meat.
You heal very quickly.
You are covered in fur (AC +1).
You have very tough skin (AC +2).


Message History

The demonic crawler hits you. x2
* * * LOW HITPOINT WARNING * * *
The demonic crawler misses you. The demonic crawler hits you.
* * * LOW HITPOINT WARNING * * *
The demonic crawler hits you!
* * * LOW HITPOINT WARNING * * *
There is an open door, spattered with blood here.
Read which item? (? for menu, Esc to quit)
As you read the scroll labeled WIN JIN OCI, it crumbles to dust.
The creatures around you are filled with an inner flame!
It was a scroll of immolation.
The demonic crawler hits you but does no damage.
The demonic crawler misses you. The demonic crawler hits you.
* * * LOW HITPOINT WARNING * * *
Unknown command.
The demonic crawler hits you but does no damage.
The demonic crawler hits you.
* * * LOW HITPOINT WARNING * * *
The demonic crawler hits you!
You die...

##########################
#<.#..').#..'..#__#..()..#
#..').#..').#.s'^.s..#.).##+
#..#####'#####'#__####..ss..
#..####..#.@.#.#### #####..
#..#__####.s##(# #
#..#_..__##s#..+
#⌠⌠#_.∩...'.s._#
####_..._##_.#+# #_____###+#
#######


You could see 3 demonic crawlers.

Vanquished Creatures
  2 kobold demonologists (D)
  A slime creature (D)
  Sigmund (D)
  A yak (D)
  An ogre (D)
  A jelly (D)
  Ijyb (D)
  A giant eyeball (D)
9 creatures vanquished.

Notes
Turn   | Place    | Note
--------------------------------------------------------------
     0 | D        | nuthulu the Troll Berserker began the quest for the Orb.
     0 | D        | Reached XP level 1. HP: 22/22 MP: 0/0
     1 | D        | Noticed Ijyb
    11 | D        | Killed Ijyb
    11 | D        | Reached skill level 4 in Unarmed Combat
    11 | D        | Reached XP level 2. HP: 17/32 MP: 1/1
   141 | D        | Noticed an ogre
   146 | D        | Killed an ogre
   146 | D        | Reached skill level 5 in Fighting
   146 | D        | Reached skill level 5 in Unarmed Combat
   146 | D        | Reached XP level 3. HP: 42/42 MP: 2/2
   146 | D        | Reached XP level 4. HP: 50/50 MP: 3/3
   198 | D        | Noticed Sigmund
   206 | D        | Killed Sigmund
   206 | D        | Acquired Trog's second power
   206 | D        | Reached skill level 6 in Fighting
   206 | D        | Reached skill level 7 in Unarmed Combat
   206 | D        | Reached XP level 5. HP: 47/61 MP: 4/4
   206 | D        | Reached XP level 6. HP: 52/68 MP: 5/5
   342 | D        | Found a deep blue altar of Sif Muna.
   343 | D        | Noticed a jelly
   344 | D        | Found a radiant altar of Vehumet.
   348 | D        | Killed a jelly
   355 | D        | Found Ifigiexu's Jewellery Emporium.
   355 | D        | Found a white marble altar of Elyvilon.
   355 | D        | Found a stormy altar of Qazlal.
   355 | D        | Found a burning altar of Makhleb.
   355 | D        | Found a sacrificial altar of Ru.
   355 | D        | Found a basalt altar of Yredelemnul.
   355 | D        | Found a glowing golden altar of the Shining One.
   355 | D        | Found a sparkling altar of Nemelex Xobeh.
   355 | D        | Found a shimmering altar of Xom.
   355 | D        | Found an opulent altar of Gozag.
   355 | D        | Found an ancient bone altar of Kikubaaqudgha.
   355 | D        | Found a glowing silver altar of Zin.
   355 | D        | Noticed a yak
   363 | D        | Killed a yak
   363 | D        | Reached skill level 8 in Unarmed Combat
   364 | D        | Found an iron altar of Okawaru.
   408 | D        | Found a bloodstained altar of Trog.
   447 | D        | Found a viscous altar of Jiyva.
   447 | D        | Found a blossoming altar of Fedhas.
   447 | D        | Noticed a slime creature
   448 | D        | Found a snail-covered altar of Cheibriados.
   448 | D        | Found a shadowy altar of Dithmenos.
   456 | D        | Killed a slime creature
   456 | D        | Reached skill level 1 in Stealth
   456 | D        | Reached skill level 9 in Unarmed Combat
   456 | D        | Reached XP level 7. HP: 48/80 MP: 6/6
   518 | D        | Noticed a kobold demonologist
   519 | D        | Noticed a kobold demonologist
   521 | D        | Noticed a hellwing
   521 | D        | Paralysed by a giant eyeball for 2 turns
   523 | D        | Noticed an ice devil
   529 | D        | Killed a kobold demonologist
   529 | D        | Received a gift from Trog
   532 | D        | Paralysed by a giant eyeball for 4 turns
   537 | D        | Killed a kobold demonologist
   537 | D        | Acquired Trog's third power
   537 | D        | Reached skill level 10 in Unarmed Combat
   537 | D        | Reached XP level 8. HP: 26/92 MP: 7/7
   665 | D        | Noticed a demonic crawler
   665 | D        | Noticed a demonic crawler
   665 | D        | Noticed a demonic crawler
   665 | D        | Noticed a demonic crawler
   684 | D        | HP: 3/92 [demonic crawler (6)]
   684 | D        | Slain by a demonic crawler

Vault maps used:
D:        dungeon_sprint_1

Action                   |  1- 3 |  4- 6 |  7- 9 || total
-------------------------+-------+-------+-------++-------
Melee: Unarmed           |    12 |    24 |    11 ||    47
Invok: Berserk           |     1 |       |     1 ||     2
  Use: Potion            |     1 |       |       ||     1
       Scroll            |       |       |     1 ||     1
  Eat: Chunk             |     1 |     3 |       ||     4
       Bread ration      |       |       |     1 ||     1
